 Dungeon Crawl Stone Soup version 0.20-a0-837-g0f21a4d (webtiles) character file.

739 M4edhros the Magician (level 7, -2/41 HPs)
             Began as an Octopode Wizard on Mar 8, 2017.
             Slain by a worker ant (5 damage)
             ... on level 6 of the Dungeon.
             The game lasted 00:08:09 (4381 turns).

M4edhros the Magician (Octopode Wizard)             Turns: 4381, Time: 00:08:09

Health: -2/41      AC:  1    Str:  6    XL:     7   Next: 75%
Magic:  5/13       EV: 13    Int: 21    God:    Xom [.*....]
Gold:   231        SH:  0    Dex: 15    Spells: 7/14 levels left

rFire    + + .     SeeInvis .   x - +1 spear of Xohilem {flame, rF+ Dex+3} (curse)
rCold    x . .     Gourm    +   (no shield)
rNeg     . . .     Faith    .   a - +0 hat
rPois    .         Spirit   .   s - amulet of the gourmand
rElec    .         Reflect  .   k - ring of fire
rCorr    .         Harm     .   u - ring of stealth
MR       .....                  (no ring)
Stlth    +++++.....             (no ring)
Regen    0.2/turn               (no ring)
MPRegen  0.2/turn               (no ring)
                                (no ring)
                                (no ring)

@: lethally poisoned (-2 -> -11), very slightly contaminated
A: almost no armour, stealthy swim, amphibious, 8 rings, constrict 8, camouflage
1, gelatinous body 1
a: Renounce Religion


You were on level 6 of the Dungeon.
You worshipped Xom.
You were a plaything of Xom.
You were very full.

You visited 1 branch of the dungeon, and saw 6 of its levels.

You collected 231 gold pieces.

Inventory:

Hand Weapons
 o - a +0 hunting sling
 x - the cursed +1 spear of Xohilem (weapon) {flame, rF+ Dex+3}
   (You found it on level 4 of the Dungeon)

   It has been specially enchanted to burn those struck by it, causing extra
   injury to most foes and up to half again as much damage against particularly
   susceptible opponents.
   It affects your dexterity (+3).
   It protects you from fire.
   It has a curse placed upon it.
 A - a +3 dagger of venom
Missiles
 m - 147 stones (quivered)
Armour
 a - a +0 hat (worn)
 p - a +0 buckler
Jewellery
 k - a ring of fire (left tentacle)
 s - an amulet of the gourmand (around mantle)
 u - a ring of stealth (right tentacle)
Wands
 y - a wand of confusion (20/48)
Scrolls
 d - 5 scrolls of identify
 e - 2 scrolls of remove curse {unknown}
 g - a scroll of amnesia {unknown}
 j - a scroll of magic mapping {unknown}
 t - a scroll of teleportation {unknown}
 v - a scroll of enchant weapon {unknown}
Potions
 f - 2 potions of haste
 h - a potion of might
 i - a potion of flight {unknown}
 l - a potion of heal wounds
 n - a potion of agility {unknown}
 q - a potion of magic {unknown}
 w - a potion of invisibility {unknown}
 B - a potion of brilliance {unknown}
Books
 b - a book of Minor Magic

   Spells                             Type                      Level
   a - Magic Dart                     Conjuration                  1
   b - Blink                          Translocation                2
   c - Call Imp                       Summoning                    2
   d - Slow                           Hexes                        2
   e - Conjure Flame                  Conjuration/Fire             3
   f - Mephitic Cloud                 Conjuration/Poison/Air       3
Comestibles
 c - 4 bread rations
 r - a meat ration
 z - a royal jelly


   Skills:
 - Level 2.0 Dodging
 - Level 2.6 Stealth
 * Level 4.1 Shields
 + Level 3.2 Unarmed Combat
 + Level 4.1 Spellcasting
 + Level 3.4 Conjurations
   Level 1.0 Summonings
   Level 1.0 Translocations
 + Level 2.3 Air Magic
 + Level 3.1 Poison Magic


You had 7 spell levels left.
You knew the following spells:

 Your Spells              Type           Power        Failure   Level  Hunger
a - Magic Dart            Conj           ###.         3%          1    None
b - Mephitic Cloud        Conj/Pois/Air  ###.....     14%         3    ###....
c - Conjure Flame         Conj/Fire      ###.....     21%         3    ###....


Dungeon Overview and Level Annotations

Branches:
Dungeon (6/15)
 Temple: D:4-7

Altars:
Ashenzari
Fedhas
Xom
The Shining One


Innate Abilities, Weirdness & Mutations

You cannot wear most types of armour.
You are very stealthy in the water. (Stealth+)
You are amphibious.
You can wear up to eight rings at the same time.
You can use your tentacles to constrict eight enemies at once.
Your skin changes colour to match your surroundings (Stealth+).
Your rubbery body absorbs attacks. (AC +1, EV +1)


Message History

The worker ant resists with significant effort.
This wand has 22 charges left.
You feel sick.
The worker ant splashes around in the water.
Evoke which item? (* to show all) (? for menu, Esc to quit)
Aiming: Confuse
Press: ? - help, Shift-Dir - straight line The worker ant resists with significant effort.
This wand has 21 charges left.
The worker ant bites you!
* * * LOW HITPOINT WARNING * * *
You are more poisoned.
The worker ant poisons you!
Evoke which item? (* to show all) (? for menu, Esc to quit)
Aiming: Confuse
Press: ? - help, Shift-Dir - straight line The worker ant resists with significant effort.
This wand has 20 charges left.
* * * LOW HITPOINT WARNING * * *
You feel sick. The worker ant bites you.
You die...
Xom giggles madly!

* * , ,,, #.# **,
**#.** #.# *,, ,
*#.,#####<# , *,
##..♣P..♣.# * ,*
*,, ..P♣.≈♣..P##
*,,
,,,,.≈≈≈♣≈≈.♣P####
,** , .,
♣≈≈≈;♣..P..# * , *
*,,..P♣♣≈≈a≈P.P#.#
, *,
,♣..♣.♣@......# *,
*, *#...P♣†......#
* *,> *,
#...P..P###.# ,
*,*,* ###.†#### .#
,,*,,** * ##. **
*,# , *,,,, ,,,,,
..,,* * * ,,,* **
*****### ,* * * ,,
,,,, ,* , ,*****
** ******* ** *,*


You could see a worker ant and an electric eel (confused).

Vanquished Creatures
  Grinder (D:4)
  Menkaure (D:5)
  A water moccasin skeleton (D:5)
  A scorpion (D:5)
  A hound (D:4)
  A centaur skeleton (D:5)
  An iguana (D:5)
  An orc wizard (D:5)
  3 worker ants
  A hound zombie (D:4)
  2 adders
  4 gnolls (D:5)
  3 oozes
  A worm (D:3)
  2 dart slugs (D:1)
  4 leopard geckos
  7 orcs
  3 giant cockroaches
  6 goblins
  4 hobgoblins
  3 jackals
  5 kobolds
  A quokka (D:4)
  2 bats
  3 frilled lizards
  2 jackal skeletons
  A quokka skeleton (D:5)
  4 rats
69 creatures vanquished.

Vanquished Creatures (collateral kills)
  An orc (D:5)
1 creature vanquished.

Grand Total: 70 creatures vanquished

Notes
Turn   | Place    | Note
-------+----------+-------------------------------------------
     0 | D:1      | M4edhros the Octopode Wizard began the quest for the Orb.
     0 | D:1      | Reached XP level 1. HP: 11/11 MP: 4/4
   122 | D:1      | Reached skill level 1 in Unarmed Combat
   122 | D:1      | Reached XP level 2. HP: 17/17 MP: 0/6
   535 | D:2      | Found a shattered altar of Ashenzari.
   552 | D:2      | Reached XP level 3. HP: 16/21 MP: 2/7
  1102 | D:3      | Found a blossoming altar of Fedhas.
  1333 | D:3      | Learned a level 3 spell: Mephitic Cloud
  1346 | D:3      | Learned a level 3 spell: Conjure Flame
  1884 | D:4      | Reached XP level 4. HP: 23/27 MP: 4/9
  1999 | D:4      | Noticed Grinder
  2145 | D:4      | Paralysed by Grinder for 4 turns
  2324 | D:4      | Killed Grinder
  2324 | D:4      | Reached skill level 1 in Air Magic
  2324 | D:4      | Reached skill level 1 in Poison Magic
  2324 | D:4      | Reached XP level 5. HP: 16/31 MP: 6/10
  2324 | D:4      | Reached XP level 6. HP: 19/36 MP: 6/11
  2409 | D:4      | Got a transparent spear
  2410 | D:4      | Identified the cursed +1 spear of Xohilem {flame, rF+ Dex+3} (You found it on level 4 of the Dungeon)
  2594 | D:5      | Entered Level 5 of the Dungeon
  3122 | D:4      | Reached XP level 7. HP: 22/41 MP: 10/12
  3403 | D:5      | Noticed Menkaure
  3404 | D:5      | Found a shattered altar of Ashenzari.
  3412 | D:5      | Killed Menkaure
  3413 | D:5      | Found a glowing golden altar of the Shining One.
  3915 | D:5      | Found a shimmering altar of Xom.
  3926 | D:5      | Became a worshipper of Xom of Chaos
  3996 | D:5      | XOM: divination: detect items
  4246 | D:5      | XOM: divination: detect items
  4297 | D:5      | XOM: harmless Hex miscast
  4357 | D:6      | XOM: blink monster(s)
  4360 | D:6      | XOM: enchant monster (good)
  4361 | D:6      | XOM: enchant monster (bad)
  4366 | D:6      | XOM: divination: magic mapping
  4381 | D:6      | Slain by a worker ant

Vault maps used:
D:1:      dpeg_arrival_stonehenge_8_columns
D:2:      nicolae_gozag_cash_rules_everything_around_me,
          nicolae_ashenzari_panopticon
D:3:      fedhas_altar_1
D:4:      uniq_grinder
D:5:      marbit_many_paths, chequers_temple_overflow_statue_of_worship,
          first_bread, kennysheep_flooded_box, uniq_menkaure
D:6:      serial_bayou, serial_bayou_pond_d, serial_bayou_shore_b,
          serial_bayou_lagoon_a, serial_bayou_pond_a

Skill      XL: |  1  2  3  4  5  6  7 |
---------------+----------------------+-----
Unarmed Combat | 1 2 3 |  3.2
Conjurations   | 2 3 |  3.4
Shields        | 2 3 4 |  4.1
Air Magic      | 1 2 |  2.3
Poison Magic   | 1 2 3 |  3.1
Spellcasting   | 4 |  4.1
Dodging        | |  2.0
Stealth        | |  2.6
Summonings     | |  1.0
Translocations | |  1.0

Action                   |  1- 3 |  4- 6 |  7- 9 || total
-------------------------+-------+-------+-------++-------
Melee: Unarmed           |    45 |     5 |       ||    50
       Constrict         |    12 |    14 |     8 ||    34
       Tentacles         |     5 |     5 |     7 ||    17
       Punch             |     1 |     1 |       ||     2
       Spear             |       |    56 |    51 ||   107
 Cast: Magic Dart        |    76 |    22 |    23 ||   121
       Mephitic Cloud    |     1 |     5 |     3 ||     9
       Conjure Flame     |       |       |     1 ||     1
Evoke: Wand              |       |       |     9 ||     9
  Use: Potion            |       |     1 |     3 ||     4
       Scroll            |       |     1 |       ||     1
 Stab: Confused          |     2 |     5 |       ||     7
       Distracted        |       |     1 |       ||     1
       Sleeping          |       |       |     2 ||     2
  Eat: Chunk             |     4 |    12 |     3 ||    19
Armor: Skin              |     2 |     2 |     1 ||     5
Dodge: Dodged            |    24 |    24 |    30 ||    78
